 Dungeon Crawl Stone Soup version 0.15-a0-1675-g4580af5 (webtiles) character file.

457 Ololoev the Ruinous (level 6, -2/32 HPs)
             Began as a Deep Elf Conjurer on June 24, 2014.
             Slain by a goblin
             ... wielding a +0 dagger
              (4 damage)
             ... on Level 4 of the Dungeon.
             The game lasted 00:19:38 (4047 turns).

Ololoev the Ruinous (Deep Elf Conjurer)             Turns: 4047, Time: 00:19:38

HP  -2/32        AC  2     Str  5      XL: 6   Next: 77%
MP  16/21        EV 13     Int 22      God:
Gold 113         SH  0     Dex 15      Spells:  3 memorised,  7 levels left

rFire  . . .     SeeInvis .     g - +3 flail (drain)
rCold  . . .     Clarity  .     t - +0 robe
rNeg   . . .     rCorr    .     (no shield)
rPois  .         rRot     .     (no helmet)
rElec  .         Spirit   .     (no cloak)
SustAb .         Warding  .     (no gloves)
rMut   .         Stasis   .     (no boots)
Gourm  .                        (no amulet)
MR     .....                    (no ring)
                                (no ring)

@: not resistant to hostile enchantments, unstealthy
A: no striking features
a: no special abilities


You were on level 4 of the Dungeon.
You were not hungry.

You visited 2 branches of the dungeon, and saw 5 of its levels.

You collected 113 gold pieces.

Inventory:

Hand weapons
 g - a +3 flail of draining (weapon)
Missiles
 v - 2 tomahawks of dispersal (quivered)
Armour
 t - a +0 robe (worn)
Comestibles
 b - 3 bread rations
 l - a rotting chunk of adder flesh
 p - 2 meat rations
 s - 5 rotting chunks of orc flesh
 w - a chunk of quokka flesh
Scrolls
 a - a scroll of magic mapping {unknown}
 e - 3 scrolls of teleportation {unknown}
 h - a scroll of enchant armour {unknown}
 i - a scroll of fog {unknown}
 m - a scroll of fear {unknown}
 n - 5 scrolls of identify {unknown}
Potions
 d - 2 potions of curing
 f - a potion of paralysis {unknown}
 j - a potion of agility {unknown}
 k - a potion of lignification {unknown}
 o - a potion of restore abilities {unknown}
 r - a potion of confusion {unknown}
Books
 c - a book of Conjurations

   Spells                             Type                      Level
   *Magic Dart                        Conjuration                  1
   *Searing Ray                       Conjuration                  2
   Dazzling Spray                     Conjuration/Hexes            3
   Fulminant Prism                    Conjuration/Hexes            4
   Iskenderun's Mystic Blast          Conjuration                  4
   *Iskenderun's Battlesphere         Conjuration/Charms           5


   Skills:
 - Level 2.4 Dodging
 - Level 2.4 Stealth
 - Level 5.2 Spellcasting
 - Level 7.0 Conjurations
 + Level 5.3 Charms


You had 7 spell levels left.
You knew the following spells:

 Your Spells              Type           Power        Failure   Level  Hunger
a - Magic Dart            Conj           ####         1%          1    None
b - Searing Ray           Conj           #####.       1%          2    None
c - Iskenderun's Battles  Conj/Chrm      ####....     28%         5    #####..


Dungeon Overview and Level Annotations

Branches:
Dungeon (4/15)             Temple (1/1) D:4

Altars:
Dithmenos
Elyvilon
Fedhas
Gozag
Kikubaaqudgha
Makhleb
Nemelex Xobeh
Okawaru
Qazlal
Sif Muna
Trog
Xom
Yredelemnul
Zin


Message History

Press: ? - help, Shift-Dir - straight line, f - phantom
Aim: a phantom (moderately damaged)
The searing ray hits the phantom.
The phantom is heavily damaged.
The phantom hits you. The goblin closely misses you.
The searing ray hits the phantom.
The phantom is severely damaged.
The phantom hits you!
* * * LOW HITPOINT WARNING * * *
The goblin barely misses you.
The searing ray hits the phantom.
The phantom is almost destroyed.
The phantom hits you.
* * * LOW HITPOINT WARNING * * *
The goblin misses you.
The searing ray hits the phantom.
You destroy the phantom!
Your Charms skill increases to level 5!
The goblin hits you with a dagger.
You die...

... ....<# .
........#....)###.
..##.......#..........
............#......#...
#....#..[#.....%....#..
#...#)⌠.#...........#
#.###...###.#.....%.#
#...................##
#..⌠..@..⌠...........#
#....g...............#
#.###...###..........##
#...#.⌠.#[..#####.....#
#...#...#%).# ##..>#.#
#...........# #......#
############# #.......
#.....#. #.....#.


You could see a goblin.

Vanquished Creatures
  A phantom (D:4)
  The ghost of worldstar the Chopper, a weakling GrFi (D:3)
  An orc wizard (D:3)
  12 adders
  3 gnolls (D:2)
  3 giant mites
  6 worms
  4 giant geckos
  An ooze (D:3)
  9 orcs
  10 hobgoblins
  10 jackals
  2 quokkas
  2 ball pythons
  8 bats
  5 giant cockroaches
  4 giant newts
  14 goblins
  11 kobolds
  11 rats
118 creatures vanquished.

Notes
Turn   | Place    | Note
--------------------------------------------------------------
     0 | D:1      | Ololoev, the Deep Elf Conjurer, began the quest for the Orb.
     0 | D:1      | Reached XP level 1. HP: 10/10 MP: 5/5
   215 | D:1      | Reached XP level 2. HP: 15/15 MP: 6/8
   220 | D:1      | Learned a level 2 spell: Searing Ray
   236 | D:1      | Reached skill level 5 in Conjurations
   734 | D:1      | Reached XP level 3. HP: 19/19 MP: 6/10
  1152 | D:2      | Reached skill level 6 in Conjurations
  1228 | D:2      | Reached XP level 4. HP: 18/24 MP: 6/13
  1724 | D:2      | Reached XP level 5. HP: 28/28 MP: 2/16
  1818 | D:2      | Reached skill level 7 in Conjurations
  2495 | D:2      | Found an ancient bone altar of Kikubaaqudgha.
  2768 | D:3      | Noticed worldstar's ghost (weakling GrFi)
  2784 | D:3      | Killed worldstar's ghost
  2784 | D:3      | Reached skill level 5 in Spellcasting
  2978 | D:3      | Found a bloodstained altar of Trog.
  3107 | D:3      | Learned a level 5 spell: Iskenderun's Battlesphere
  3133 | D:3      | Reached skill level 1 in Charms
  3133 | D:3      | Reached XP level 6. HP: 32/32 MP: 16/21
  3869 | D:4      | Found a staircase to the Ecumenical Temple.
  3900 | Temple   | Entered the Ecumenical Temple
  4047 | D:4      | Reached skill level 5 in Charms
  4047 | D:4      | Slain by a goblin

Action                   |  1- 3 |  4- 6 || total
-------------------------+-------+-------++-------
Melee: Flail             |       |    15 ||    15
 Cast: Magic Dart        |    57 |    86 ||   143
       Searing Ray       |     9 |    30 ||    39
       Iskenderun's Batt |       |     1 ||     1
  Use: Potion            |       |     2 ||     2
 Stab: Sleeping          |       |     3 ||     3
